 Dungeon Crawl Stone Soup version 0.29-a0-275-g389c0b56f3 (webtiles) character file.

Game seed: 6828997622219678499

14 sokol815 the Sneak (level 2, -1/21 HPs)
             Began as an Octopode Delver on Mar 11, 2022.
             Slain by an orc
             ... wielding a +0 flail
              (3 damage)
             ... on level 3 of the Dungeon.
             The game lasted 00:03:48 (927 turns).

sokol815 the Sneak (Octopode Delver)                 Turns: 927, Time: 00:03:49

Health: -1/21      AC:  1    Str: 11    XL:     2   Next: 41%
Magic:  2/2        EV: 11    Int: 12    God:
Gold:   18         SH:  7    Dex: 13    Spells: 1/1 levels left

rFire   . . .      SeeInvis .   a - +0 short sword
rCold   . . .      Faith    .   f - +0 kite shield
rNeg    . . .      Spirit   .   (helmet restricted)
rPois   .          Reflect  .   (no amulet)
rElec   .          Harm     .   (no ring)
rCorr   .          Rampage  .   (no ring)
Will    .....                   (no ring)
Stlth   ++++......              (no ring)
HPRegen 0.07/turn               (no ring)
MPRegen 0.08/turn               (no ring)
                                (no ring)
                                (no ring)

@: flying
A: almost no armour, amphibious, 8 rings, camouflage 1, gelatinous body 1,
(nimble swimmer 1), tentacles
a: no special abilities


You were on level 3 of the Dungeon.
You visited 1 branch of the dungeon, and saw 3 of its levels.

You collected 18 gold pieces.

Inventory:

Hand Weapons
 a - a +0 short sword (weapon)
Missiles
 c - a throwing net {!d}
Armour
 f - a +0 kite shield (worn)
   (You found it on level 3 of the Dungeon)
Wands
 d - a wand of digging (3)
Scrolls
 b - 2 scrolls of fog
 X - a scroll of magic mapping {@r4!r}
Potions
 e - a potion of curing {unknown}
 h - a potion of magic {unknown}
 H - a potion of haste


   Skills:
 - Level 3.0 Fighting
 - Level 2.3 Short Blades
 - Level 2.0 Dodging
 * Level 7.1 Stealth
 + Level 0.1 Shields


You had one spell level left.
You didn't know any spells.
Your spell library was empty.

Dungeon Overview and Level Annotations

Branches:
Dungeon (5/15)
 Temple: D:4-7

Altars:
The Shining One

Shops:
D:3 *

Annotations:
D:3 Ijyb, Jessica, Sigmund
D:4 exclusions: black bear, 2 orcs and quokka


Innate Abilities, Weirdness & Mutations

You cannot wear most types of armour.
You are amphibious.
You can wear up to eight rings at the same time.
Your skin changes colour to match your surroundings (Stealth+).
Your rubbery body absorbs attacks. (AC +1, EV +1)
((You are camouflaged when in or above water. (Stealth+)))
You have tentacles for arms and can constrict up to eight enemies at once.


Message History

You continue putting on your +0 kite shield. x4
You finish putting on your +0 kite shield.
g - a fizzy grey potion
Found a silvery potion.
Found a stone staircase leading down.
h - a silvery potion A hobgoblin comes into view.
Health restored: 21 The helpless hobgoblin fails to defend itself.
You puncture the hobgoblin!
You kill the hobgoblin!
A goblin comes into view. It is wielding a +0 club.
The helpless goblin fails to defend itself.
You impale the goblin!!
You kill the goblin!
You see here a +0 club.
There is a stone staircase leading down here.
Found an escape hatch in the floor. 3 orcs come into view.
An orc is wielding a +0 flail of protection.
The orc shouts! x2; You hear a shout!
An orc comes into view. It is wielding a +0 dagger.
You see here 6 gold pieces.
Here: an orc, wielding a +0 dagger (wandering, hasn't noticed you)
The floor.
Unknown command.
You closely miss the orc. Your grab misses the orc. The orc closely misses you.
You hit the orc but do no damage. You grab the orc.
You constrict the orc, but do no damage.
You block the orc's attack.
You hit the orc but do no damage. You constrict the orc.
You block the orc's attack.
The orc hits you with a +0 flail of protection!
You take 10 damage, and have 11/21 hp.
MASSIVE DAMAGE!!
You hit the orc but do no damage. You squeeze the orc, but do no damage.
You constrict the orc.
The orc hits you with a +0 flail of protection.
* * * LOW HITPOINT WARNING * * *
You take 5 damage, and have 6/21 hp.
MASSIVE DAMAGE!!
You release your grip on the orc.
The orc attacks as you move away! You block the orc's attack.
The orc attacks as you move away! You block the orc's attack.
You hit the orc but do no damage. Your grab misses the orc.
The orc barely misses you.
As you read the scroll of fear, it crumbles to dust.
You assume a fearsome visage.
The orc looks frightened! x4
The orc shouts!
You start resting.
An orc is nearby!
You regained 4 hp, and now have 11/21 hp.
You start resting.
An orc is nearby!
You regained 7 hp, and now have 18/21 hp.
The orc hits you with a +0 club.
You take 1 damage, and have 17/21 hp.
You barely miss the orc. You grab the orc. You constrict the orc.
The orc barely misses you.
You hit the orc but do no damage. You constrict the orc.
You block the orc's attack.
You barely miss the orc. You constrict the orc. The orc closely misses you.
You hit the orc.
You kill the orc!
You see here a +0 club.
You start resting.
Health restored: 21 You see here a +0 club.
An adder comes into view.
You now have 18 gold pieces (gained 6).
Found a stone staircase leading down.
Found Fuh Ome's General Store.
There is an entrance to Fuh Ome's General Store here.
There is a stone staircase leading down here.
Jessica the Apprentice Sorceress comes into view.
She is wielding a +0 club.
The orc shouts!
You hear a shout!
The orc drinks a potion.
The orc seems to speed up.
You hit the orc. Your grab misses the orc. The orc completely misses you.
You hit the orc but do no damage. Your grab misses the orc. The orc misses you.
You block the orc's attack.
You closely miss the orc. Your grab misses the orc.
You squeeze the orc, but do no damage. The orc hits you with a +0 flail! x2
* * * LOW HITPOINT WARNING * * *
You take 18 damage, and have 3/21 hp.
MASSIVE DAMAGE!!
You hit the orc but do no damage. You grab the orc. You constrict the orc.
You block the orc's attack. x2
You hit the orc but do no damage.
You constrict the orc, but do no damage.
The orc barely misses you. x2
You hit the orc but do no damage. You constrict the orc.
The orc hits you with a +0 flail.
* * * LOW HITPOINT WARNING * * *
You take 1 damage, and have 2/21 hp.
It was a potion of flight.
You feel very buoyant.
You fly up into the air.
You constrict the orc, but do no damage.
The orc hits you with a +0 flail.
You die...

############
#####..........#####
#..@o@......##......
#.###.#####.######..
#.# #.# #.........
#.# #o# ########..
#.# #.# ##. #.# #.#
#. #.# #.### ##.###.
##.##................
#..........@..#####..


You could see Jessica and an orc (fast).

Vanquished Creatures
  3 orcs (D:3)
  A ball python (D:4)
  An endoplasm (D:3)
  A goblin (D:3)
  A hobgoblin (D:3)
  A quokka (D:4)
  A kobold (D:3)
9 creatures vanquished.

Vanquished Creatures (others)
  6 fungi (D:5)
6 creatures vanquished.

Grand Total: 15 creatures vanquished

Notes
Turn   | Place    | Note
-------+----------+-------------------------------------------
     0 | D:5      | sokol815 the Octopode Delver began the quest for the Orb.
     0 | D:5      | Reached XP level 1. HP: 16/16 MP: 1/1
    36 | D:5      | Noticed an orc wizard
    36 | D:5      | Noticed an orc wizard
   172 | D:4      | Noticed a black bear
   263 | D:3      | Noticed Ijyb
   269 | D:3      | HP: 4/16 [orc/boomerang of dispersal (5)]
   279 | D:3      | Found a glowing golden altar of the Shining One.
   287 | D:3      | Noticed Sigmund
   317 | D:3      | Reached skill level 7 in Stealth
   317 | D:3      | Reached XP level 2. HP: 8/21 MP: 2/2
   843 | D:3      | Found Fuh Ome's General Store.
   912 | D:3      | Noticed Jessica
   923 | D:3      | HP: 3/21 [orc/+0 flail (10)]
   927 | D:3      | Slain by an orc

Illustrated notes

Levels and vault maps discovered:
D:3:      layout_loops_ring, nicolae_overflow_crystal_walls, serial_shops,
          nicolae_lakefront_shop, uniq_sigmund, uniq_jessica, uniq_ijyb
D:4:      layout_cave_pods
D:5:      layout_loops_ring, mainiacjoe_overflow_alcove_2,
          nicolae_overflow_hidden_temple, minmay_temple_entry_statues_pillars,
          serial_aquarium, aquarium_bridge_long_joined
          [aquarium_subvault_window, aquarium_subvault_wall,
          aquarium_subvault_bridge, aquarium_subvault_balcony,
          aquarium_subvault_wall, aquarium_subvault_window],
          aquarium_window_fake, aquarium_window_fake, aquarium_window_2,
          aquarium_view_2d, aquarium_view_2c, aquarium_balcony_1b,
          aquarium_pool_side, minmay_misc_feat_enclosed, serial_bayou_lagoon_a,
          chequers_jeans, uniq_blork_the_orc

Skill      XL: |  1 |
---------------+----+-----
Stealth        | 7 |  7.1
Fighting       | |  3.0
Short Blades   | |  2.3
Dodging        | |  2.0
Shields        | |  0.1

Action                   || total
-------------------------++-------
Melee: Short sword       ||    25
       Constrict         ||     7
       Tentacles         ||     5
  Use: Scroll            ||     2
       Potion            ||     1
 Stab: Sleeping          ||     5
Dodge: Dodged            ||    10
Block: Kite shield       ||     8

Table legend: (Time is in decaauts)
 A = Elapsed time spent in this place.
 B = Non-inter-level travel time spent in this place.
 C = Inter-level travel time spent in this place.
 D = Time resting spent in this place.
 E = Time spent auto-exploring this place.
 F = Levels seen in this place.
 G = Mean time per level.
                   A        B        C        D        E       F      G
               +--------+--------+--------+--------+--------+-----+--------+
         Total |    929 |    912 |     17 |    283 |    280 |   3 |  309.7 |
       Dungeon |    929 |    912 |     17 |    283 |    280 |   3 |  309.7 |
               +--------+--------+--------+--------+--------+-----+--------+

Top non-repeatable levels by time:
     D:3: 672 daAuts
     D:4: 194 daAuts
     D:5: 63 daAuts

Table legend:
 A = Kills in this place as a percentage of kills in entire the game.
 B = Kills by you in this place as a percentage of kills by you in the entire game.
 C = Kills by friends in this place as a percentage of kills by friends in the entire game.
 D = Other kills in this place as a percentage of other kills in the entire game.
 E = Experience gained in this place as a percentage of experience gained in the entire game.
 F = Experience gained in this place divided by the number of levels of this place that you have seen.
                   A       B       C       D       E      F
               +-------+-------+-------+-------+-------+----------------------
         Total | 100.0 | 100.0 |   N/A |   N/A | 100.0 |   6.7
       Dungeon | 100.0 | 100.0 |   N/A |   N/A | 100.0 |   6.7
               +-------+-------+-------+-------+-------+----------------------
